 Dungeon Crawl Stone Soup version 0.18.1-1-g2f07953 (webtiles) character file.

1196 epen the Transmogrifier (level 8, -19/67 HPs)
             Began as a Black Draconian Transmuter on May 7, 2016.
             Was a Believer of Cheibriados.
             Demolished by a hill giant
             ... wielding a +0 giant club
              (33 damage)
             ... on level 6 of the Dungeon.
             The game lasted 00:10:41 (5946 turns).

epen the Transmogrifier (DrTm)                      Turns: 5946, Time: 00:10:42

Health: -19/67     AC:  9    Str: 17    XL:     8   Next: 20%
Magic:  5/11       EV: 15    Int: 19    God:    Cheibriados [**....]
Gold:   196        SH:  0    Dex: 12    Spells: 3 memorised, 3 levels left

rFire  . . .     SeeInvis .       - Unarmed
rCold  . . .     Gourm    .     (armour unavailable)
rNeg   . . .     Faith    .     (shield currently unavailable)
rPois  .         Spirit   .     g - +2 hat
rElec  +         Dismiss  .     v - +0 cloak
rCorr  .         Reflect  .     (gloves currently unavailable)
SustAt .         Harm     .     (no boots)
MR     .....     Rnd*Rage +     (no amulet)
Stlth  +.........               (no ring)
                                (no ring)

@: blade hands (expiring), very slow, not resistant to hostile enchantments,
very unstealthy
A: breathe lightning, unfitting armour, berserk 1, clumsy 2, low mp 1,
electricity resistance, cold-blooded, AC +6
a: Breathe Lightning, End Transformation, Bend Time, Renounce Religion


You were on level 6 of the Dungeon.
You worshipped Cheibriados.
Cheibriados was pleased with you.
You were hungry.
You had blades for hands.
You visited 1 branch of the dungeon, and saw 6 of its levels.

You collected 196 gold pieces.

Inventory:

Missiles
 a - 144 arrows
Armour
 g - a +2 hat (worn)
 v - a +0 cloak (worn)
Jewellery
 q - an uncursed ring of protection from cold
Scrolls
 d - 2 scrolls of remove curse
 f - a scroll of identify
Potions
 e - a potion of cancellation {unknown}
 h - 2 potions of berserk rage
 i - 2 potions of resistance {unknown}
 j - a potion of heal wounds {unknown}
 k - a potion of invisibility {unknown}
 l - 2 potions of haste {unknown}
 m - 2 potions of lignification
 o - a potion of might {unknown}
 r - a potion of brilliance {unknown}
 w - a potion of flight {unknown}
 x - a potion of curing
Books
 b - a book of Changes

   Spells                             Type                      Level
   a - Beastly Appendage              Transmutation                1
   b - Sticks to Snakes               Transmutation                2
   c - Spider Form                    Transmutation/Poison         3
   d - Ice Form                       Ice/Transmutation            4
   e - Blade Hands                    Transmutation                5
Comestibles
 c - 6 bread rations
 n - a meat ration
 p - a slice of pizza
 z - a beef jerky


   Skills:
 + Level 4.9 Fighting
 + Level 7.3 Dodging
 * Level 8.3 Unarmed Combat
 * Level 3.0 Spellcasting
 * Level 9.2 Transmutations


You had 3 spell levels left.
You knew the following spells:

 Your Spells              Type           Power        Failure   Level  Hunger
a - Blade Hands           Trmt           #####.....   50%         5    ######.
b - Sticks to Snakes      Trmt           #####...     14%         2    ##.....
c - Spider Form           Trmt/Pois      ###.......   45%         3    ###....


Dungeon Overview and Level Annotations

Branches:
Dungeon (6/15)
 Temple: D:4-7

Altars:
Cheibriados
Gozag
Makhleb
Qazlal
Ru
Xom

Shops:
D:5 (   D:6 [


Innate Abilities, Weirdness & Mutations

You can breathe wild blasts of lightning.
Your glossy black scales are hard (AC +6).
Your body does not fit into most forms of armour.
You are resistant to electric shocks.
You are cold-blooded and may be slowed by cold attacks.
You tend to lose your temper in combat.
You are very clumsy. (Dex -4)
Your magical capacity is low (-10% MP).


Message History

Confirm with . or Enter, or press ? or * to list all spells.
Your hands turn into razor-sharp scythe blades.
You are feeling hungry.
Your ball python bites the hill giant.
The hill giant hits your ball python with a giant club!
Your ball python dies!
You slice the hill giant!!
The hill giant is heavily wounded.
The hill giant hits you with a giant club!!
You slice the hill giant!! You slash the hill giant.
The hill giant is almost dead.
Your transformation is almost over.
The hill giant hits you with a giant club!!
* * * LOW HITPOINT WARNING * * *
Casting: Blade Hands
Confirm with . or Enter, or press ? or * to list all spells.
The spell is very dangerous to cast!
Continue anyway?
Okay, then.
The hill giant hits you with a giant club!!
You die...

............#....#.
#......).###.
.###....#####....#
#............ .#
#.............#
#..........[. .#
#..........
#...#..#.#### .#
....... #...#..#.# ##
.....$. ####...#..#.#
....... #............
.......####.#########.#
#..C@..# #.# ########
#..


You could see a hill giant.

Vanquished Creatures
  Pikel (D:5)
  4 slaves (D:5)
  A phantom (D:4)
  An ogre (D:3)
  A centaur (D:6)
  A giant frog (D:5)
  A hound (D:4)
  2 jellies
  An orc priest (D:4)
  A centaur skeleton (D:6)
  A worker ant (D:6)
  6 adders
  3 oozes
  An adder skeleton (D:4)
  3 worms
  3 dart slugs
  3 giant geckos
  8 orcs
  5 giant cockroaches
  3 goblins
  13 jackals
  2 quokkas
  7 bats
  A giant gecko skeleton (D:4)
  7 giant newts
  5 kobolds
  A quokka zombie (D:5)
  5 rats
91 creatures vanquished.

Vanquished Creatures (collateral kills)
  The ghost of epen the Ruffian, an amateur DrTm (D:3)
1 creature vanquished.

Grand Total: 92 creatures vanquished

Notes
Turn   | Place    | Note
--------------------------------------------------------------
     0 | D:1      | epen the Draconian Transmuter began the quest for the Orb.
     0 | D:1      | Reached XP level 1. HP: 16/16 MP: 3/3
   293 | D:1      | Reached XP level 2. HP: 9/23 MP: 3/5
  1278 | D:2      | Reached XP level 3. HP: 26/29 MP: 6/6
  1286 | D:2      | Learned a level 2 spell: Sticks to Snakes
  1290 | D:2      | Learned a level 3 spell: Spider Form
  1311 | D:2      | Reached skill level 5 in Unarmed Combat
  1311 | D:2      | Reached skill level 7 in Transmutations
  1311 | D:2      | Reached XP level 4. HP: 13/36 MP: 7/7
  1561 | D:2      | Reached skill level 9 in Transmutations
  1561 | D:2      | Reached XP level 5. HP: 39/47 MP: 8/8
  1695 | D:2      | Found a snail-covered altar of Cheibriados.
  2695 | D:2      | Became a worshipper of Cheibriados the Contemplative
  2901 | D:3      | Noticed epen's ghost (amateur DrTm)
  2914 | D:3      | Killed epen's ghost
  2914 | D:3      | Reached XP level 6. HP: 38/53 MP: 7/9
  3043 | D:3      | Found a shimmering altar of Xom.
  3044 | D:3      | Found a shimmering altar of Xom.
  3046 | D:3      | Found a shimmering altar of Xom.
  3066 | D:3      | Found a burning altar of Makhleb.
  3078 | D:3      | Found an opulent altar of Gozag.
  3118 | D:3      | Reached * piety under Cheibriados
  4018 | D:4      | Your scales start taking on a glossy black colour.
  4018 | D:4      | Reached XP level 7. HP: 27/60 MP: 10/10
  4018 | D:4      | Gained mutation: You are resistant to electric shocks. [Black Draconian growth]
  4682 | D:4      | Gained mutation: You tend to lose your temper in combat. [potion of mutation]
  4682 | D:4      | Gained mutation: You are clumsy. (Dex -2) [potion of mutation]
  4683 | D:4      | Gained mutation: You are very clumsy. (Dex -4) [potion of mutation]
  4683 | D:4      | Gained mutation: Your magical capacity is low (-10% MP). [potion of mutation]
  4693 | D:4      | Learned a level 5 spell: Blade Hands
  4716 | D:5      | Entered Level 5 of the Dungeon
  4749 | D:5      | Found Huqu's Antique Weapon Shoppe.
  4774 | D:5      | Found a sacrificial altar of Ru.
  5060 | D:5      | Noticed Pikel
  5069 | D:5      | Killed Pikel
  5069 | D:5      | Reached XP level 8. HP: 52/67 MP: 0/10
  5727 | D:6      | Reached ** piety under Cheibriados
  5842 | D:6      | Found Zixefuh's Armour Boutique.
  5853 | D:6      | Found a stormy altar of Qazlal.
  5937 | D:6      | Noticed a hill giant
  5946 | D:6      | Demolished by a hill giant

Skill      XL: |  1  2  3  4  5  6  7  8 |
---------------+-------------------------+-----
Fighting       | 2 4 |  4.9
Dodging        | 6 7 |  7.3
Unarmed Combat | 5 7 8 |  8.3
Transmutations | 7 9 |  9.2
Spellcasting   | 3 |  3.0

Action                   |  1- 3 |  4- 6 |  7- 9 || total
-------------------------+-------+-------+-------++-------
Melee: Unarmed           |    81 |   180 |    95 ||   356
       Tailslap          |    10 |    15 |    13 ||    38
       Punch             |     1 |     8 |     5 ||    14
       Headbutt          |     2 |     1 |       ||     3
       Kick              |       |     5 |       ||     5
 Cast: Beastly Appendage |     4 |     3 |       ||     7
       Sticks to Snakes  |       |     1 |     4 ||     5
       Blade Hands       |       |       |     7 ||     7
       Spider Form       |       |       |     1 ||     1
  Use: Potion            |     1 |     1 |     2 ||     4
       Scroll            |       |       |    10 ||    10
 Stab: Sleeping          |     1 |       |     1 ||     2
  Eat: Chunk             |       |     2 |     5 ||     7
       Meat ration       |       |     1 |       ||     1
       Pizza             |       |     1 |       ||     1
Armor: Skin              |    19 |    38 |    24 ||    81
Dodge: Dodged            |    37 |   112 |    53 ||   202
